 Dungeon Crawl Stone Soup version 0.28-a0-984-g3775c662fe (webtiles) character file.

Game seed: 8687356092088164206

0 spiderkeys the Skirmisher (level 1, 0/18 HPs)
             Began as a Barachi Abyssal Knight on Dec 3, 2021.
             Was a Follower of Lugonu.
             Slain by a tentacle (18 damage)
             ... attached to a kraken
             ... on level 1 of the Abyss.
             The game lasted 00:00:31 (114 turns).

spiderkeys the Skirmisher (Barachi Abyssal Knight)   Turns: 114, Time: 00:00:32

Health: 0/18       AC:  3    Str: 14    XL:     1   Next: 0%
Magic:  2/2        EV: 11    Int: 10    God:    Lugonu [*.....]
Gold:   0          SH:  0    Dex: 12    Spells: 0/0 levels left

rFire   . . .      SeeInvis .   a - +1 hand axe
rCold   . . .      Faith    .   (no shield)
rNeg    . . .      Spirit   .   b - +0 leather armour
rPois   .          Reflect  .   (no helmet)
rElec   .          Harm     .   (no cloak)
rCorr   .          Rampage  .   (no gloves)
Will    .....                   (no boots)
Stlth   +.........              (no amulet)
HPRegen 0.06/turn               (no ring)
MPRegen 0.08/turn               (no ring)

@: unable to hop, slow
A: amphibious, slowness 1, strong legs 1, +LOS
a: Hop, Renounce Religion, Depart the Abyss


You were on level 1 of the Abyss.
You worshipped Lugonu.
Lugonu was aware of your devotion.
You visited 0 branches of the dungeon, and saw 0 of its levels.
You visited the Abyss 1 time.


Innate Abilities, Weirdness & Mutations

You are amphibious.
You cover ground slowly.
You can hop short distances.
You have an extended range of vision and can be seen from far away.


   Skills:
 + Level 3.6 Fighting
 + Level 2.1 Axes
 + Level 2.4 Armour
 + Level 1.1 Dodging
 + Level 1.5 Invocations


You couldn't memorise any spells.
You didn't know any spells.
Your spell library was empty.

Inventory:

Hand Weapons
 a - a +1 hand axe (weapon)
Missiles
 c - 21 arrows
Armour
 b - a +0 leather armour (worn)

Dungeon Overview and Level Annotations

Branches:
Dungeon (0/15)

Altars:

#.#.. ##≈.≈≈≈≈≈≈≈
..#....##....≈≈≈∩≈≈≈
#........##.≈X≈≈≈≈≈≈
#.....#.#..≈≈≈≈≈≈≈≈
#...#.#≈*≈≈≈≈≈≈≈
.##..#*≈w≈≈.≈.≈
#......#.││....≈..
....# .#.#ww...#...
# . ...#.#.@#..#..#
#....###.#.....# ..
..... . ##.#...# ###
## .#.....# . # .###
.. .. .. .# #$. #.
... ##


You could see a kraken and 3 tentacles.


Message History

🤖 Initializing magus.rc ... ✅ Successfully initialized magus.rc [v1.9.10] Welcome, spiderkeys the Barachi Abyssal Knight.
It is said that the Orb of Zot exists deep within this dungeon.
Lugonu says: Depart the Abyss and spread corruption, my servant! (use the ability menu to exit the Abyss) Press ? for a list of commands and other information.
Found a corrupted altar of Lugonu.
c - 21 arrows A large abomination comes into view.
Hop to where?
Press: ? - help, Dir - move target Boing!
Unknown command.
A large abomination comes into view.
A raiju comes into view.
You are suddenly pulled into a different region of the Abyss!
Found a gateway leading out of the Abyss.
Tentacles burst out of the water! 4 tentacles come into view.
The tentacle slaps you!!
Ouch! That really hurt!
You die...

Action                   || total
-------------------------++-------
 Abil: Hop               ||     1

Levels and vault maps discovered:
Abyss:1:  base: Temple, base: Temple, evilmike_abyss_exit_kraken

Notes
Turn   | Place    | Note
-------+----------+-------------------------------------------
     0 | Abyss:1  | spiderkeys the Barachi Abyssal Knight began the quest for
                  | the Orb.
     0 | Abyss:1  | Reached XP level 1. HP: 18/18 MP: 2/2
     0 | Abyss:1  | magus.rc [v1.9.10]
    72 | Abyss:1  | Noticed a large abomination
    74 | Abyss:1  | Noticed a large abomination
   104 | Abyss:1  | Noticed a raiju
   111 | Abyss:1  | Noticed a kraken
   114 | Abyss:1  | Slain by a tentacle

Vanquished Creatures (others)
  A tentacle (Abyss:1)
1 creature vanquished.

Table legend:
 A = Non-vault XP
 B = Vault XP
 C = Vault XP percentage of total XP
 D = Non-vault monster count
 E = Vault monster count
 F = Vault count percentage of total count
                 A         B        C        D         E       F
            +---------+---------+-------+---------+---------+-------
      Total |       0 |       0 |   N/A |       0 |       0 |  -nan
            +---------+---------+-------+---------+---------+-------
            +---------+---------+-------+---------+---------+-------

Illustrated notes

Table legend: (Time is in decaauts)
 A = Elapsed time spent in this place.
 B = Non-inter-level travel time spent in this place.
 C = Inter-level travel time spent in this place.
 D = Time resting spent in this place.
 E = Time spent auto-exploring this place.
 F = Levels seen in this place.
 G = Mean time per level.
                   A        B        C        D        E       F      G
               +--------+--------+--------+--------+--------+-----+--------+
         Total |    136 |    136 |      0 |      0 |     91 |   1 |  136.0 |
         Abyss |    136 |    136 |      0 |      0 |     91 |   1 |  136.0 |
               +--------+--------+--------+--------+--------+-----+--------+

Top non-repeatable levels by time:
 Abyss:1: 136 daAuts
